TOP OF THE 1ST |
Myrtle Beach Seahawks batting - Pitching for Provo Mango : RHP Seung-yeop Kim
|
Pitching: RHP Seung-yeop Kim
|
|
Batting: RHB Fernando Pérez
|
0-0: Called Strike 0-1: Called Strike 0-2: Strikes out swinging
|
Batting: RHB José Sosa
|
0-0: Called Strike 0-1: Foul Ball, location: 2F 0-2: Foul Ball, location: 2F 0-2: Fly out, F8 (Flyball, 8LM)
|
Batting: SHB Jorge Barrios
|
0-0: Called Strike 0-1: Foul Ball, location: 2F 0-2: Foul Ball, location: 2F 0-2: Ball 1-2: Ground out 4-3 (Groundball, 4M)
|
Top of the 1st over - 0 run(s), 0 hit(s), 0 error(s), 0 left on base; Myrtle Beach 0 - Provo 0 |
BOTTOM OF THE 1ST |
Provo Mango batting - Pitching for Myrtle Beach Seahawks : RHP Mario Ruíz
|
Pitching: RHP Mario Ruíz
|
|
Batting: RHB Cristián Lima
|
0-0: Ball 1-0: Fly out, F9 (Flyball, 9M)
|
Batting: LHB Akihito Nishiyama
|
0-0: Ball 1-0: Ball 2-0: Foul Ball, location: 2F 2-1: Ball 3-1: Base on Balls
|
Batting: RHB Logan Manning
|
0-0: Called Strike Akihito Nishiyama steals 2nd base 0-1: Ball 1-1: Ball 2-1: Fly out, F8 (Line Drive, 8LM)
|
Batting: RHB Rubén Campos
|
0-0: Ball 1-0: Called Strike 1-1: Called Strike 1-2: Ground out 5-3 (Groundball, 5S)
|
Bottom of the 1st over - 0 run(s), 0 hit(s), 0 error(s), 1 left on base; Myrtle Beach 0 - Provo 0 |
TOP OF THE 2ND |
Myrtle Beach Seahawks batting - Pitching for Provo Mango : RHP Seung-yeop Kim
|
Batting: RHB Rodrigo Lugo
|
0-0: Called Strike 0-1: Swinging Strike 0-2: Foul Ball, location: 2F 0-2: Ball 1-2: Ball 2-2: Ball 3-2: Foul Ball, location: 2F 3-2: Strikes out swinging
|
Batting: RHB Roberto Escues
|
0-0: Ball 1-0: Swinging Strike 1-1: Swinging Strike 1-2: Strikes out swinging
|
Batting: RHB Manuel Díaz
|
0-0: Called Strike 0-1: Called Strike 0-2: Strikes out looking
|
Top of the 2nd over - 0 run(s), 0 hit(s), 0 error(s), 0 left on base; Myrtle Beach 0 - Provo 0 |
BOTTOM OF THE 2ND |
Provo Mango batting - Pitching for Myrtle Beach Seahawks : RHP Mario Ruíz
|
Batting: LHB Esteban Trujillo
|
0-0: Ball 1-0: Fly out, F9 (Flyball, 89XD)
|
Batting: RHB Lúcio Sánchez
|
0-0: Swinging Strike 0-1: Called Strike 0-2: Ball 1-2: Ball 2-2: Hit by Pitch
|
Batting: LHB Armando Villarreal
|
0-0: Ball 1-0: Ball 2-0: Called Strike 2-1: Fielders Choice at 2nd, 5-4 (Groundball, 56)
|
Batting: RHB Everette Jeffers
|
0-0: Ball Armando Villarreal is caught stealing 2nd base
|
Bottom of the 2nd over - 0 run(s), 0 hit(s), 0 error(s), 0 left on base; Myrtle Beach 0 - Provo 0 |
TOP OF THE 3RD |
Myrtle Beach Seahawks batting - Pitching for Provo Mango : RHP Seung-yeop Kim
|
Now at 1B: Héctor Anbablo
|
|
Batting: RHB Guillaume Colin
|
0-0: Ball 1-0: Foul Ball, location: 2F 1-1: Foul Ball, location: 2F 1-2: Foul Ball, location: 2F 1-2: Foul Ball, location: 2F 1-2: Foul Ball, location: 2F 1-2: Fly out, F8 (Line Drive, 8LM)
|
Batting: RHB Jim Unknown
|
0-0: Called Strike 0-1: SINGLE (Line Drive, 8RS)
|
Batting: SHB Tony Ortíz
|
0-0: Ball 1-0: Foul Ball, location: 2F 1-1: Ball 2-1: Ball 3-1: Called Strike 3-2: Foul Ball, location: 2F 3-2: Foul Ball, location: 2F 3-2: Base on Balls Jim Unknown to second
|
Batting: RHB Fernando Pérez
|
0-0: Ball 1-0: Ground out 4-3 (Groundball, 4M) Jim Unknown to third Tony Ortíz to second
|
Batting: RHB José Sosa
|
0-0: Ball 1-0: Called Strike 1-1: DOUBLE (Line Drive, 7LS) Jim Unknown scores Tony Ortíz scores
|
Batting: SHB Jorge Barrios
|
0-0: Called Strike 0-1: Ball 1-1: Ground out 4-3 (Groundball, 4)
|
Top of the 3rd over - 2 run(s), 2 hit(s), 0 error(s), 1 left on base; Myrtle Beach 2 - Provo 0 |
BOTTOM OF THE 3RD |
Provo Mango batting - Pitching for Myrtle Beach Seahawks : RHP Mario Ruíz
|
Batting: RHB Everette Jeffers
|
0-0: Called Strike 0-1: Foul Ball, location: 2F 0-2: Strikes out swinging
|
Batting: RHB John Moss
|
0-0: Called Strike 0-1: Swinging Strike 0-2: Ball 1-2: Fly out, F6 (Popup, 6M)
|
Batting: RHB Cristián Lima
|
0-0: Ground out 6-3 (Groundball, 6)
|
Bottom of the 3rd over - 0 run(s), 0 hit(s), 0 error(s), 0 left on base; Myrtle Beach 2 - Provo 0 |
TOP OF THE 4TH |
Myrtle Beach Seahawks batting - Pitching for Provo Mango : RHP Seung-yeop Kim
|
Batting: RHB Rodrigo Lugo
|
0-0: Ground out 6-3 (Groundball, 6)
|
Batting: RHB Roberto Escues
|
0-0: Ball 1-0: Ball 2-0: SINGLE (Line Drive, 7S)
|
Batting: RHB Manuel Díaz
|
0-0: Called Strike Roberto Escues is caught stealing 2nd base 0-1: Called Strike 0-2: Ground out 5-3 (Groundball, 5)
|
Top of the 4th over - 0 run(s), 1 hit(s), 0 error(s), 0 left on base; Myrtle Beach 2 - Provo 0 |
BOTTOM OF THE 4TH |
Provo Mango batting - Pitching for Myrtle Beach Seahawks : RHP Mario Ruíz
|
Batting: LHB Akihito Nishiyama
|
0-0: Ball 1-0: Called Strike 1-1: Ground out U3 (Groundball, 3)
|
Batting: RHB Logan Manning
|
0-0: Called Strike 0-1: Foul Ball, location: 2F 0-2: Ball 1-2: Ball 2-2: Foul Ball, location: 2F 2-2: Ball 3-2: DOUBLE (Flyball, 78M)
|
Batting: RHB Rubén Campos
|
0-0: Ball 1-0: Fly out, F9 (Flyball, 9LM)
|
Batting: LHB Esteban Trujillo
|
0-0: Called Strike 0-1: Ball 1-1: Foul Ball, location: 2F 1-2: Foul Ball, location: 2F 1-2: Ball 2-2: Foul Ball, location: 2F 2-2: Ball 3-2: Strikes out swinging
|
Bottom of the 4th over - 0 run(s), 1 hit(s), 0 error(s), 1 left on base; Myrtle Beach 2 - Provo 0 |
TOP OF THE 5TH |
Myrtle Beach Seahawks batting - Pitching for Provo Mango : RHP Seung-yeop Kim
|
Batting: RHB Guillaume Colin
|
0-0: Ball 1-0: Called Strike 1-1: Foul Ball, location: 2F 1-2: Fly out, F4 (Line Drive, 4)
|
Batting: RHB Jim Unknown
|
0-0: Swinging Strike 0-1: Ball 1-1: Ball 2-1: Ball 3-1: Foul Ball, location: 2F 3-2: Base on Balls
|
Batting: SHB Tony Ortíz
|
0-0: Ball 1-0: Ball 2-0: Fielders Choice at 2nd, 5-4 (Groundball, 56)
|
Batting: RHB Fernando Pérez
|
0-0: Ball 1-0: Ball 2-0: Ball 3-0: Called Strike 3-1: Foul Ball, location: 2F 3-2: Foul Ball, location: 2F 3-2: Base on Balls Tony Ortíz to second
|
Batting: RHB José Sosa
|
0-0: Called Strike 0-1: Ball 1-1: SINGLE (Flyball, 78S) Tony Ortíz to third Fernando Pérez to second Runner from 3rd tries for Home, SAFE, no throw or cutoff
|
Batting: SHB Jorge Barrios
|
0-0: Ball 1-0: Foul Ball, location: 2F 1-1: Ball 2-1: Called Strike 2-2: Foul Ball, location: 2F 2-2: DOUBLE (Line Drive, 9LS) Fernando Pérez scores José Sosa to third Runner from 3rd tries for Home, SAFE, no throw or cutoff
|
Batting: RHB Rodrigo Lugo
|
0-0: Intentional Walk
|
Batting: RHB Roberto Escues
|
0-0: Swinging Strike 0-1: Ball 1-1: Fly out, F9 (Flyball, 9S)
|
Top of the 5th over - 3 run(s), 2 hit(s), 0 error(s), 2 left on base; Myrtle Beach 5 - Provo 0 |
BOTTOM OF THE 5TH |
Provo Mango batting - Pitching for Myrtle Beach Seahawks : RHP Mario Ruíz
|
Batting: SHB Héctor Anbablo
|
0-0: Ball 1-0: Foul Ball, location: 2F 1-1: DOUBLE (Line Drive, 89M)
|
Batting: LHB Armando Villarreal
|
0-0: Ball 1-0: Fly out, F8 (Flyball, 8RM)
|
Batting: RHB Everette Jeffers
|
0-0: Ball 1-0: Called Strike 1-1: Called Strike 1-2: Fly out, F9 (Flyball, 89S) 1-2: Lined into DP, 9-6 (Flyball, 89S)
|
Bottom of the 5th over - 0 run(s), 1 hit(s), 0 error(s), 0 left on base; Myrtle Beach 5 - Provo 0 |
TOP OF THE 6TH |
Myrtle Beach Seahawks batting - Pitching for Provo Mango : RHP Seung-yeop Kim
|
Batting: RHB Manuel Díaz
|
0-0: Ball 1-0: Ball 2-0: Foul Ball, location: 2F 2-1: Ball 3-1: Fly out, F7 (Flyball, 7M)
|
Batting: RHB Guillaume Colin
|
0-0: Ball 1-0: Ball 2-0: Called Strike 2-1: Called Strike 2-2: Ground out 5-3 (Groundball, 5)
|
Batting: RHB Jim Unknown
|
0-0: Foul Ball, location: 2F 0-1: Ball 1-1: Swinging Strike 1-2: Ball 2-2: Foul Ball, location: 2F 2-2: Ball 3-2: Strikes out swinging
|
Top of the 6th over - 0 run(s), 0 hit(s), 0 error(s), 0 left on base; Myrtle Beach 5 - Provo 0 |
BOTTOM OF THE 6TH |
Provo Mango batting - Pitching for Myrtle Beach Seahawks : RHP Mario Ruíz
|
Batting: RHB John Moss
|
0-0: Foul Ball, location: 2F 0-1: Called Strike 0-2: Ball 1-2: SINGLE (Groundball, 56D)
|
Batting: RHB Cristián Lima
|
0-0: Called Strike 0-1: Ball 1-1: SINGLE (Line Drive, 56D) John Moss to second
|
Batting: LHB Akihito Nishiyama
|
0-0: Swinging Strike 0-1: Swinging Strike 0-2: Foul Ball, location: 2F 0-2: Ball 1-2: Ball 2-2: Foul Ball, location: 2F 2-2: Strikes out swinging
|
Batting: RHB Logan Manning
|
0-0: Called Strike 0-1: Ball 1-1: Ball 2-1: Ball 3-1: Foul Ball, location: 2F 3-2: Foul Ball, location: 2F 3-2: Foul Ball, location: 2F 3-2: Foul Ball, location: 2F 3-2: Base on Balls John Moss to third Cristián Lima to second
|
Batting: RHB Rubén Campos
|
0-0: Foul Ball, location: 2F 0-1: Ball 1-1: Ball 2-1: Called Strike 2-2: Strikes out swinging
|
Batting: LHB Esteban Trujillo
|
0-0: Ball 1-0: Foul Ball, location: 2F 1-1: Called Strike 1-2: Strikes out swinging
|
Bottom of the 6th over - 0 run(s), 2 hit(s), 0 error(s), 3 left on base; Myrtle Beach 5 - Provo 0 |
TOP OF THE 7TH |
Myrtle Beach Seahawks batting - Pitching for Provo Mango : RHP Seung-yeop Kim
|
Pitching: RHP Robert Olson
|
|
Batting: SHB Tony Ortíz
|
0-0: Ball 1-0: Swinging Strike 1-1: Ball 2-1: Ball 3-1: Called Strike 3-2: Strikes out swinging
|
Batting: RHB Fernando Pérez
|
0-0: Foul Ball, location: 2F 0-1: Ball 1-1: Foul Ball, location: 2F 1-2: Strikes out swinging
|
Batting: RHB José Sosa
|
0-0: Ball 1-0: Ball 2-0: Called Strike 2-1: SINGLE (Line Drive, 4MD)
|
Batting: SHB Jorge Barrios
|
0-0: Called Strike 0-1: Foul Ball, location: 2F 0-2: Ball 1-2: Ball 2-2: Fly out, F9 (Flyball, 9M)
|
Top of the 7th over - 0 run(s), 1 hit(s), 0 error(s), 1 left on base; Myrtle Beach 5 - Provo 0 |
BOTTOM OF THE 7TH |
Provo Mango batting - Pitching for Myrtle Beach Seahawks : RHP Mario Ruíz
|
Batting: SHB Héctor Anbablo
|
0-0: Fly out, F8 (Flyball, 8LM)
|
Batting: LHB Armando Villarreal
|
0-0: Ball 1-0: Ball 2-0: Fly out, F9 (Flyball, 9M)
|
Batting: RHB Everette Jeffers
|
0-0: SINGLE (Groundball, 56)
|
Batting: RHB John Moss
|
0-0: Ball 1-0: Ball 2-0: Foul Ball, location: 2F 2-1: Foul Ball, location: 2F 2-2: Strikes out swinging
|
Bottom of the 7th over - 0 run(s), 1 hit(s), 0 error(s), 1 left on base; Myrtle Beach 5 - Provo 0 |
TOP OF THE 8TH |
Myrtle Beach Seahawks batting - Pitching for Provo Mango : RHP Robert Olson
|
Batting: RHB Rodrigo Lugo
|
0-0: Called Strike 0-1: Foul Ball, location: 2F 0-2: Strikes out swinging
|
Batting: RHB Roberto Escues
|
0-0: SINGLE (Line Drive, 6D)
|
Batting: RHB Manuel Díaz
|
0-0: Called Strike 0-1: Ball 1-1: Called Strike 1-2: Ball 2-2: Fly out, F8 (Flyball, 8LXD)
|
Batting: RHB Guillaume Colin
|
0-0: Ball 1-0: Called Strike 1-1: Swinging Strike 1-2: Ball Roberto Escues is caught stealing 2nd base
|
Top of the 8th over - 0 run(s), 1 hit(s), 0 error(s), 0 left on base; Myrtle Beach 5 - Provo 0 |
BOTTOM OF THE 8TH |
Provo Mango batting - Pitching for Myrtle Beach Seahawks : RHP Mario Ruíz
|
Pitching: RHP Andrew Webster
|
|
Batting: RHB Cristián Lima
|
0-0: Ball 1-0: SINGLE (Line Drive, 8LS)
|
Batting: LHB Akihito Nishiyama
|
0-0: Called Strike 0-1: Called Strike 0-2: Strikes out looking
|
Batting: RHB Logan Manning
|
0-0: Ball 1-0: Called Strike 1-1: SINGLE (Line Drive, 56D) Cristián Lima to second
|
Batting: RHB Rubén Campos
|
0-0: Ball 1-0: Fly out, F8 (Flyball, 8RM)
|
Batting: LHB Esteban Trujillo
|
0-0: SINGLE (Line Drive, 7LS) Cristián Lima to third Logan Manning to second Runner from 3rd tries for Home, SAFE, no throw or cutoff
|
Batting: SHB Héctor Anbablo
|
0-0: Foul Ball, location: 2F 0-1: Foul Ball, location: 2F 0-2: Strikes out swinging
|
Bottom of the 8th over - 1 run(s), 3 hit(s), 0 error(s), 2 left on base; Myrtle Beach 5 - Provo 1 |
TOP OF THE 9TH |
Myrtle Beach Seahawks batting - Pitching for Provo Mango : RHP Robert Olson
|
Pitching: RHP Enrique García
|
|
Batting: RHB Guillaume Colin
|
0-0: Ball 1-0: Foul Ball, location: 2F 1-1: Ball 2-1: Called Strike 2-2: Foul Ball, location: 2F 2-2: Strikes out looking
|
Batting: RHB Jim Unknown
|
0-0: Ball 1-0: Ball 2-0: Called Strike 2-1: Called Strike 2-2: Foul Ball, location: 2F 2-2: Foul Ball, location: 2F 2-2: Foul Ball, location: 2F 2-2: Ball 3-2: Ground out 6-3 (Groundball, 6)
|
Batting: SHB Tony Ortíz
|
0-0: Ball 1-0: Swinging Strike 1-1: Swinging Strike 1-2: Ball 2-2: Strikes out swinging
|
Top of the 9th over - 0 run(s), 0 hit(s), 0 error(s), 0 left on base; Myrtle Beach 5 - Provo 1 |
BOTTOM OF THE 9TH |
Provo Mango batting - Pitching for Myrtle Beach Seahawks : RHP Andrew Webster
|
Batting: LHB Armando Villarreal
|
0-0: Called Strike 0-1: Swinging Strike 0-2: Foul Ball, location: 2F 0-2: Ball 1-2: Ball 2-2: Strikes out looking
|
Batting: RHB Everette Jeffers
|
0-0: Fly out, F9 (Flyball, 9LM)
|
Batting: RHB John Moss
|
0-0: Ball 1-0: Ball 2-0: Called Strike 2-1: Foul Ball, location: 2F 2-2: Ball 3-2: Foul Ball, location: 2F 3-2: Base on Balls
|
Batting: RHB Cristián Lima
|
0-0: Foul Ball, location: 2F 0-1: Ball 1-1: Swinging Strike 1-2: Strikes out swinging
|
Bottom of the 9th over - 0 run(s), 0 hit(s), 0 error(s), 1 left on base; Myrtle Beach 5 - Provo 1 |
|